 Dungeon Crawl Stone Soup version 0.31.0-9-g3a7656b989 (webtiles) character file.

Game seed: 1015567759600167430

58 Killerpretzel the Digger (level 4, 0/24 HPs)
             Began as a Gargoyle Earth Elementalist on Jan 28, 2024.
             Slain by an iguana (8 damage)
             ... on level 3 of the Dungeon.
             The game lasted 00:05:47 (1075 turns).

Killerpretzel the Digger (GrEE)                     Turns: 1075, Time: 00:05:48

Health: 0/24       AC:  8    Str: 11    XL:     4   Next: 2%
Magic:  0/7        EV: 12    Int: 18    God:
Gold:   60         SH:  0    Dex: 10    Spells: 6/7 levels left

rFire   . . .        k - +0 short sword
rCold   . . .        (no shield)
rNeg    + . .        a - +0 robe
rPois   ∞            i - +0 helmet
rElec   +            (no cloak)
rCorr   .            c - +1 pair of gloves
SInv    .            (no boots)
Will    .....        h - amulet of guardian spirit
Stlth   ++           (no ring)
HPRegen 0.24/turn    (no ring)
MPRegen 0.10/turn

%: guardian spirit
@: no status effects
A: sickness immunity, AC +3, negative energy resistance 1, electricity
resistance, torment resistance 1, petrification resistance
a: no special abilities


You were on level 3 of the Dungeon.
You visited 1 branch of the dungeon, and saw 3 of its levels.

You collected 60 gold pieces.

Inventory:

Hand Weapons
 d - a +0 dagger
 k - a +0 short sword (weapon)
Armour
 a - a +0 robe (worn)
 c - a +1 pair of gloves (worn)
 f - a +0 hat of stealth
 i - a +0 helmet (worn)
Jewellery
 h - an amulet of guardian spirit (around neck)
Scrolls
 e - a scroll of identify
Potions
 b - a potion of magic
 g - a potion of curing
 j - 2 potions of brilliance {unknown}


   Skills:
 + Level 2.0 Dodging
 + Level 2.9 Stealth
 + Level 2.4 Spellcasting
 + Level 2.0 Conjurations
 + Level 4.1 Earth Magic


You had 6 spell levels left.
You knew the following spells:

 Your Spells              Type           Power      Damage    Failure   Level
a - Sandblast             Erth           34%        2d9       3%          1

Your spell library contained the following spells:

 Spells                   Type           Power      Damage    Failure   Level
 Passwall                 Erth           17%        N/A       10%         3
 Stone Arrow              Conj/Erth      26%        3d8       14%         3
 Momentum Strike          Conj/Tloc      10%        3d8       17%         2
 Blink                    Tloc           4%         N/A       26%         2
 Lesser Beckoning         Tloc           4%         N/A       26%         2
 Brom's Barrelling Bould  Conj/Erth      13%        2d4       43%         4
 Petrify                  Alch/Erth      9%         N/A       58%         4
 Dispel Undead            Necr           2%         3d7       86%         4
 Ignite Poison            Fire/Alch      2%         N/A       86%         4
 Martyr's Knell           Necr/Summ      2%         N/A       86%         4
 Sticky Flame             Fire/Alch      2%         2d4       86%         4
 Death Channel            Necr           1%         N/A       100%        6
 Ignition                 Fire           1%         3d3       100%        8
 Cigotuvi's Dreadful Rot  Necr/Alch/Air  Unusable   N/A       N/A         2

Dungeon Overview and Level Annotations

Branches:
Dungeon (3/15)

Altars:

Shops:
D:1 [

Annotations:
D:1 exclusion: downstairs
D:2 Sigmund


Innate Abilities, Weirdness & Mutations

You are immune to sickness and miasma.
Your stone body is resilient. (AC +3)
You are immune to poison.
You resist negative energy. (rN+)
You are resistant to electric shocks. (rElec)
You are resistant to unholy torment.
You are immune to petrification.


Message History

You have reached level 4!
You feel clever.
An iguana comes into view.
An iguana is nearby!
You see here an adder corpse.
An iguana is nearby!
The iguana hisses angrily.
An iguana is nearby!
Casting: Sandblast (safe; 3% risk of failure)
Confirm with . or Enter, or press ? or * to list all spells.
Aiming: Sandblast (safe; 3% risk of failure)
Press: ? - help, Shift-Dir - straight line, f - iguana
Aim: an iguana (84% to hit)
The blast of sand hits the iguana.
The iguana is moderately wounded.
Casting: Sandblast (safe; 3% risk of failure)
Confirm with . or Enter, or press ? or * to list all spells.
Aiming: Sandblast (safe; 3% risk of failure)
Press: ? - help, Shift-Dir - straight line, f/p - iguana
Aim: an iguana (moderately wounded, 84% to hit)
The blast of sand hits the iguana.
The iguana is heavily wounded.
The iguana bites you!
Casting: Sandblast (safe; 3% risk of failure)
Confirm with . or Enter, or press ? or * to list all spells.
Aiming: Sandblast (safe; 3% risk of failure)
Press: ? - help, Shift-Dir - straight line, f/p - iguana
Aim: an iguana (heavily wounded, 84% to hit)
The blast of sand hits the iguana but does no damage.
The iguana is heavily wounded.
The iguana bites you. The iguana barely misses you.
You are too injured to fight recklessly!
An iguana is nearby!
You are too injured to fight recklessly!
An iguana is nearby!
You hit the iguana but do no damage.
The iguana is heavily wounded.
The iguana bites you.
You see here an adder corpse.
The iguana attacks as it pursues you! The iguana bites you!
You die...

# #..### ...
#.#....####.##
####.#...........
#. ......#.........
#.###.##...........
#..............#.##
#.....#............
#........#l..#...##
#........@....# ##
#..........#..#
#...##.#†..?.# ####
#.###.#... ..###.#
...... #.#...#
......# #<#.###
......# #...###.#
.... #.......#


You could see an iguana.

Vanquished Creatures
  Natasha (D:2)
  An adder (D:3)
  A dart slug (D:3)
  3 bats (D:1)
  2 endoplasms
  A giant cockroach (D:1)
  3 goblins (D:1)
  4 kobolds
  A quokka (D:1)
  A ball python (D:1)
  3 frilled lizards (D:1)
  2 rats (D:1)
23 creatures vanquished.

Notes
Turn   | Place    | Note
-------+----------+-------------------------------------------
     0 | D:1      | Killerpretzel the Gargoyle Earth Elementalist began the
                  | quest for the Orb.
     0 | D:1      | Reached XP level 1. HP: 10/10 MP: 3/3
   316 | D:1      | Reached XP level 2. HP: 13/15 MP: 1/5
   393 | D:1      | Found Doheyfug's Antique Armour Emporium.
   916 | D:2      | Noticed Sigmund
   967 | D:2      | Noticed Natasha
   971 | D:2      | Killed Natasha
   972 | D:2      | Reached skill level 4 in Earth Magic
   972 | D:2      | Reached XP level 3. HP: 19/19 MP: 3/6
  1066 | D:3      | Reached XP level 4. HP: 24/24 MP: 3/7
  1075 | D:3      | Slain by an iguana

Illustrated notes

Levels and vault maps discovered:
D:1:      shiori_arrival_oz, layout_loops_cross, serial_shops,
          nicolae_shop_behind_doors
D:2:      layout_basic, amcnicky_mini_rare_corridor_liquid, moated_statue,
          hex_large, uniq_sigmund, uniq_natasha
D:3:      minmay_door_path, layout_basic

Skill      XL: |  1  2  3 |
---------------+----------+-----
Dodging        | 2 |  2.0
Earth Magic    | 4 |  4.1
Conjurations   | 2 |  2.0
Stealth        | |  2.9
Spellcasting   | |  2.4

Action                     |  1- 3 |  4- 6 || total
---------------------------+-------+-------++-------
  Melee: Dagger            |     7 |       ||     7
         Short sword       |     1 |     1 ||     2
   Cast: Sandblast         |    27 |     3 ||    30
    Use: Scroll            |     2 |       ||     2
   Stab: Sleeping          |     1 |       ||     1
 Armour: Robe              |     3 |     4 ||     7
  Dodge: Dodged            |    11 |     1 ||    12
